 Dungeon Crawl Stone Soup version 0.26-a0-651-gb41185065b (webtiles) character file.

Game seed: 16374284632776211682

32432 Ijustatesigmund the Fighter (level 13, -1/108 HPs)
             Began as a Demonspawn Fighter on Sept 30, 2020.
             Slain by Rupert
             ... wielding a +2 vorpal great sword
              (2 damage)
             ... on level 14 of the Dungeon.
             The game lasted 00:30:19 (15184 turns).

Ijustatesigmund the Fighter (Demonspawn Fighter)   Turns: 15184, Time: 00:30:20

Health: -1/108     AC: 19    Str: 17    XL:     13   Next: 31%
Magic:  0/13       EV: 15    Int: 11    God:
Gold:   924        SH: 11    Dex: 16    Spells: 11/12 levels left

rFire    . . .     SeeInvis .   a - +3 war axe (vamp)
rCold    . . .     Faith    .   c - +1 kite shield
rNeg     + . .     Spirit   +   b - +0 troll leather armour
rPois    +         Reflect  .   (no helmet)
rElec    .         Harm     .   n - +1 cloak
rCorr    .         Rampage  .   j - +2 pair of gloves
MR       .....                  q - +1 pair of boots
Stlth    +.........             (no amulet)
HPRegen  0.68/turn              G - ring of positive energy
MPRegen  0.13/turn              g - ring of poison resistance

@: mighty, sanguine armour, studying Maces & Flails
A: talons 1, demonic guardian 1, magic shield, sanguine armour 1
a: no special abilities


You were on level 14 of the Dungeon.
You visited 1 branch of the dungeon, and saw 14 of its levels.

You collected 1144 gold pieces.
You spent 220 gold pieces at shops.

Inventory:

Hand Weapons
 a - a +3 vampiric war axe (weapon)
 v - a +0 morningstar
 x - a +3 war axe of freezing
Armour
 b - a +0 troll leather armour (worn)
 c - a +1 kite shield (worn)
 j - a +2 pair of gloves (worn)
 n - a +1 cloak (worn)
 q - a +1 pair of boots (worn)
Jewellery
 g - a ring of poison resistance (right hand)
 y - an uncursed ring of positive energy
 G - a ring of positive energy (left hand)
Wands
 d - a wand of digging (19)
 z - a wand of iceblast (7)
 F - a wand of paralysis (18)
 H - a wand of disintegration (19)
 I - a wand of polymorph (7)
 K - a wand of acid (7)
Scrolls
 e - 5 scrolls of remove curse
 h - 3 scrolls of fear
 r - 3 scrolls of immolation
 A - 5 scrolls of teleportation
 B - 5 scrolls of fog
 L - a scroll of amnesia
Potions
 f - a potion of stabbing
 i - 6 potions of curing
 k - 2 potions of haste
 l - 3 potions of lignification
 m - a potion of flight
 o - 2 potions of resistance
 s - 7 potions of ambrosia
 u - a potion of cancellation
 w - 2 potions of invisibility
 D - 2 potions of brilliance
Books
 C - a manual of Maces & Flails
Miscellaneous
 p - a phantom mirror


   Skills:
 + Level 12.2 Fighting
 + Level 12.2(12.7) Axes
 - Level 5.9(9.9) Maces & Flails
 - Level 6.6 Armour
 - Level 7.0 Dodging
 - Level 6.6 Shields


You had 11 spell levels left.
You knew the following spells:

 Your Spells              Type           Power        Failure   Level
a - Apportation           Tloc           #.....       77%         1

Your spell library contained the following spells:

 Spells                   Type           Power        Failure   Level
 Animate Skeleton         Necr           #.....       77%         1
 Beastly Appendage        Tmut           #.....       77%         1
 Corona                   Hex            #......      77%         1
 Freeze                   Ice            #...         77%         1
 Magic Dart               Conj           #...         77%         1
 Sting                    Tmut/Pois      #...         77%         1
 Summon Small Mammal      Summ           #...         77%         1
 Blink                    Tloc           N/A          88%         2
 Call Imp                 Summ           #.......     88%         2
 Ensorcelled Hibernation  Hex/Ice        #.....       88%         2
 Poisonous Vapours        Pois/Air       #.....       88%         2
 Slow                     Hex            #.......     88%         2
 Wereblood                Tmut           #.......     88%         2
 Call Canine Familiar     Summ           #.......     98%         3
 Confusing Touch          Hex            #.......     98%         3
 Conjure Flame            Conj/Fire      #.......     98%         3
 Dazzling Flash           Conj/Hex       #.....       98%         3
 Frozen Ramparts          Ice            #.....       98%         3
 Gell's Gravitas          Tloc           #.........   98%         3
 Ignite Poison            Fire/Tmut/Pois #.......     98%         3
 Mephitic Cloud           Conj/Pois/Air  #.......     98%         3
 Ozocubu's Armour         Ice            #.......     98%         3
 Spider Form              Tmut/Pois      #.........   98%         3
 Summon Guardian Golem    Hex/Summ       #.......     98%         3
 Tukima's Dance           Hex            #.......     98%         3
 Hailstorm                Conj/Ice       #.......     100%        4
 Ice Form                 Ice/Tmut       #.......     100%        4
 Olgreb's Toxic Radiance  Pois           #.......     100%        4
 Petrify                  Tmut/Erth      #.......     100%        4
 Summon Ice Beast         Ice/Summ       #.......     100%        4
 Summon Lightning Spire   Summ/Air       #.......     100%        4
 Blade Hands              Tmut           #.........   100%        5
 Irradiate                Conj/Tmut      #.........   100%        5
 Metabolic Englaciation   Hex/Ice        #.........   100%        5
 Yara's Violent Unravell  Hex/Tmut       #.........   100%        5
 Hydra Form               Tmut           #.........   100%        6
 Statue Form              Tmut/Erth      #........    100%        6
 Dragon Form              Tmut           #.........   100%        7


Dungeon Overview and Level Annotations

Branches:
Dungeon (14/15)            Temple (0/1) D:6            Lair (0/6) D:9
    Orc (0/2) D:11         Vaults (0/5) D:13

Altars:
Dithmenos
Fedhas
Gozag
Nemelex Xobeh
Qazlal
Vehumet
Xom

Shops:
D:7 ?   D:10 !

Annotations:
D:14 Rupert


Innate Abilities, Weirdness & Mutations

You have sharp toenails.
A weak demonic guardian rushes to your aid.
When hurt, damage is shared between your health and your magic reserves.
When seriously injured, your bleeding wounds create armour. (AC +6)


Message History

Rupert is moderately wounded.
You block Rupert's attack.
Rupert hits you with a +2 vorpal great sword!
You hit Rupert.
You feel better.
Rupert is moderately wounded.
You closely miss the troll. You block the troll's attack. x3
Rupert hits you with a +2 vorpal great sword!!
* * * LOW HITPOINT WARNING * * *
x2 You slash Rupert!
You feel better.
Rupert is moderately wounded.
You slash the troll!
You feel better. The troll bites you but does no damage.
The troll claws you but does no damage. The troll completely misses you.
Rupert hits you with a +2 vorpal great sword!
* * * LOW HITPOINT WARNING * * *
x2
As you read the scroll of fear, it crumbles to dust.
You assume a fearsome visage.
Rupert resists with some effort.
The troll looks frightened!
Rupert hits you with a +2 vorpal great sword!
* * * LOW HITPOINT WARNING * * *
You die...

## ### ### .# ## ##.# #.#
##.###..) #..## #.###
........ #(.## #...### #
....## .# #...###.###.# .#
#..## .. #...##.####.# #.#
#.####.##. ##..@........##.#
##....# #.###...@..####.....#
#.....# #<.......T# ##..#..#
#.##..# ##........# ##.## .##
.## #.####.........####..#
... .##
#..#............##..## ..#
..###...................# ..#
...##...)..###.....##...##..#
#....(....## ##...####......#


You could see Rupert (berserk) and a troll (fleeing).

Vanquished Creatures
  A hydra (D:11)
  Erica (D:10)
  A tengu warrior (D:12)
  2 two-headed ogres
  2 unseen horrors (D:12)
  A phantasmal warrior (D:13)
  2 ugly things (D:11)
  4 cyclopes
  Maurice (D:8)
  2 centaur zombies (D:11)
  A komodo dragon (D:9)
  An efreet (D:13)
  A tengu conjurer (D:13)
  A queen bee (D:10)
  5 trolls
  Grinder (D:6)
  4 hippogriffs
  6 yaks (D:9)
  2 basilisks (D:13)
  A wraith (D:12)
  A steam dragon (D:7)
  2 two-headed ogre zombies (D:11)
  An acid dragon (D:11)
  Menkaure (D:6)
  5 orc warriors
  5 phantoms
  4 sky beasts
  6 ogres
  The ghost of Peloso the Skirmisher, an amateur DsFi (D:3)
  9 centaurs
  A crocodile (D:8)
  Blork the orc (D:5)
  2 big kobolds
  8 bullfrogs
  A water moccasin zombie (D:9)
  A scorpion (D:5)
  2 troll zombies (D:11)
  34 killer bees
  5 wights (D:8)
  2 howler monkeys (D:9)
  A bullfrog zombie (D:11)
  10 hounds
  6 orc wizards
  A quasit (D:9)
  7 orc priests
  A bullfrog skeleton (D:4)
  3 jellies
  3 iguanas
  13 worker ants
  A killer bee zombie (D:9)
  4 ogre zombies (D:11)
  2 hound zombies
  A worker ant zombie (D:8)
  13 adders
  2 shadow imps
  A white imp (D:10)
  2 ufetubi
  3 oozes
  2 adder skeletons
  3 worms
  A dart slug (D:3)
  2 leopard geckos
  44 orcs
  6 bats
  6 giant cockroaches
  4 goblins
  7 hobgoblins
  13 jackals
  12 kobolds
  3 quokkas
  2 frilled lizards
  2 goblin skeletons (D:11)
  4 goblin zombies (D:11)
  2 hobgoblin skeletons (D:11)
  4 hobgoblin zombies (D:11)
  2 orc skeletons (D:11)
  10 orc zombies (D:11)
  6 rats
341 creatures vanquished.

Vanquished Creatures (others)
  A shadow (D:11)
  A kobold (D:10)
  28 plants (D:9)
30 creatures vanquished.

Grand Total: 371 creatures vanquished

Notes
Turn   | Place    | Note
-------+----------+-------------------------------------------
     0 | D:1      | Ijustatesigmund the Demonspawn Fighter began the quest for
                  | the Orb.
     0 | D:1      | Reached XP level 1. HP: 18/18 MP: 1/1
   118 | D:1      | Gained mutation: You have sharp toenails. [demonic
                  | ancestry]
   118 | D:1      | Reached XP level 2. HP: 24/24 MP: 2/2
   619 | D:2      | Reached skill level 1 in Dodging
   624 | D:2      | Reached XP level 3. HP: 20/29 MP: 3/3
  1031 | D:2      | Found an opulent altar of Gozag.
  1295 | D:2      | Reached XP level 4. HP: 22/35 MP: 4/4
  1848 | D:3      | Found a shimmering altar of Xom.
  1928 | D:3      | Found a stormy altar of Qazlal.
  2079 | D:3      | Found a runed translucent door.
  2079 | D:3      | Noticed Peloso's ghost (amateur DsFi)
  2090 | D:3      | Killed Peloso's ghost
  2090 | D:3      | Reached XP level 5. HP: 29/42 MP: 5/5
  2501 | D:4      | Noticed an ogre
  2510 | D:4      | Killed an ogre
  2510 | D:4      | Reached XP level 6. HP: 21/48 MP: 6/6
  2531 | D:4      | You fall into a shaft and drop 2 floors!
  2531 | D:6      | Noticed Menkaure
  2533 | D:6      | Killed Menkaure
  2713 | D:5      | Entered Level 5 of the Dungeon
  2727 | D:5      | Noticed Blork the orc
  2733 | D:5      | Killed Blork the orc
  2733 | D:5      | Reached skill level 5 in Axes
  2746 | D:4      | Reached XP level 7. HP: 21/55 MP: 7/7
  3081 | D:4      | Reached skill level 5 in Fighting
  4144 | D:5      | Reached XP level 8. HP: 20/63 MP: 8/8
  4968 | D:6      | Noticed Grinder
  4969 | D:6      | Paralysed by Grinder for 6 turns
  4980 | D:6      | Paralysed by Grinder for 2 turns
  4982 | D:6      | Killed Grinder
  5192 | D:6      | Found a staircase to the Ecumenical Temple.
  6121 | D:7      | Reached skill level 5 in Dodging
  6389 | D:7      | Found a sparkling altar of Nemelex Xobeh.
  6548 | D:7      | Found Nytystree's Magic Scroll Shoppe.
  6585 | D:7      | Bought a scroll of identify for 28 gold pieces
  6585 | D:7      | Bought a scroll of identify for 28 gold pieces
  6585 | D:7      | Bought a scroll of identify for 28 gold pieces
  6585 | D:7      | Bought a scroll of identify for 28 gold pieces
  6585 | D:7      | Bought a scroll of identify for 28 gold pieces
  6760 | D:7      | Gained mutation: When seriously injured, your bleeding
                  | wounds create armour. (AC +6) [demonic ancestry]
  6760 | D:7      | Reached XP level 9. HP: 71/71 MP: 9/9
  7102 | D:8      | Noticed Maurice
  7640 | D:8      | Found a blossoming altar of Fedhas.
  8631 | D:9      | Learned a level 1 spell: Apportation
  8741 | D:9      | Found a radiant altar of Vehumet.
  8764 | D:9      | Noticed a troll
  8776 | D:9      | Killed a troll
  8838 | D:9      | Noticed a troll
  8849 | D:9      | Reached XP level 10. HP: 64/80 MP: 6/10
  8854 | D:9      | Reached skill level 5 in Armour
  8857 | D:9      | Reached skill level 5 in Shields
  9253 | D:9      | Found a staircase to the Lair.
 10144 | D:8      | Killed Maurice
 10185 | D:10     | Entered Level 10 of the Dungeon
 10185 | D:10     | Found Mouget's Distillery.
 10191 | D:10     | Bought a potion of heal wounds for 80 gold pieces
 10270 | D:10     | Noticed Erica
 10296 | D:10     | Killed Erica
 10445 | D:10     | You fall into a shaft and drop 3 floors!
 10637 | D:13     | Noticed a tengu warrior
 10659 | D:13     | Noticed a phantasmal warrior
 10681 | D:13     | Killed a phantasmal warrior
 10681 | D:13     | Reached XP level 11. HP: 17/89 MP: 2/11
 10850 | D:13     | Found a gate to the Vaults.
 11495 | D:11     | Noticed a four-headed hydra
 11499 | D:11     | Noticed a red ugly thing
 11506 | D:11     | Killed a seven-headed hydra
 11509 | D:11     | Reached skill level 10 in Axes
 11516 | D:11     | Killed a red ugly thing
 12059 | D:10     | Reached skill level 10 in Fighting
 12148 | D:10     | Noticed a two-headed ogre
 12163 | D:10     | Killed a two-headed ogre
 12316 | D:11     | Found a stormy altar of Qazlal.
 12720 | D:11     | Found a staircase to the Orcish Mines.
 13026 | D:11     | Noticed a green ugly thing
 13048 | D:11     | Killed a green ugly thing
 13129 | D:11     | Gained mutation: When hurt, damage is shared between your
                  | health and your magic reserves. [demonic ancestry]
 13129 | D:11     | Reached XP level 12. HP: 65/99 MP: 6/12
 13612 | D:12     | Found a shadowy altar of Dithmenos.
 14614 | D:12     | Killed a tengu warrior
 14807 | D:13     | Reached skill level 5 in Maces & Flails
 14807 | D:13     | Gained mutation: A weak demonic guardian rushes to your
                  | aid. [demonic ancestry]
 14807 | D:13     | Reached XP level 13. HP: 108/108 MP: 13/13
 15072 | D:14     | Got a jewelled leather armour
 15083 | D:14     | Identified the +0 leather armour of Immorality {Harm MR++
                  | Slay-4 SInv} (You found it on level 14 of the Dungeon)
 15160 | D:14     | Noticed Rupert
 15184 | D:14     | HP: 1/108 [Rupert/+2 vorpal great sword (16)]
 15184 | D:14     | Slain by Rupert

Illustrated notes

Levels and vault maps discovered:
D:1:      minmay_arrival_glassed_features, layout_loops_ring
D:2:      layout_loops_ring, lemuel_crystal_altar, minmay_pentomino_x2
D:3:      layout_rooms, marbit_many_paths, nicolae_overflow_crystal_walls,
          serial_glass, glass_columns_a, glass_columns_a, glass_columns_b,
          ebering_ghost_inner_flame
D:4:      layout_rooms
D:5:      layout_rooms, serial_corexii_hall, chequers_hall_statues_y,
          chequers_hall_statues_wall_a, corexii_hall_statues_s,
          uniq_blork_the_orc
D:6:      layout_cave_pods, temple_fountains, uniq_menkaure, uniq_grinder
D:7:      layout_basic, kennysheep_mini_moat, serial_shops, shop
D:8:      layout_loops_cross, nicolae_overflow_hidden_temple,
          minmay_manual_mail, uniq_maurice
D:9:      layout_grid_maze, kennysheep_mini, david_lair_shrubbed,
          minmay_fractal_squares_diagonal_5
D:10:     layout_roguey [special_room_bee], serial_shops, shop, uniq_erica
D:11:     layout_cave_pods, zombieorc2_lemuel, basic_altar,
          kennysheep_small_square
D:12:     layout_stronghold, minmay_misc_feat_tiny,
          nicolae_dithmenos_the_darkroom
D:13:     layout_basic, david_vaults_4
D:14:     cheibrodos_monumental, layout_layer_cave,
          nemelex_xobeh_ov_fountains_minmay, uniq_rupert

Skill      XL: |  1  2  3  4  5  6  7  8  9 10 11 12 |
---------------+-------------------------------------+-----
Axes           | 2 3 4 5 6 7 8 9 10 12 | 12.2
Dodging        | 1 2 3 5 7 |  7.0
Fighting       | 4 5 6 7 9 10 12 | 12.2
Armour         | 4 6 |  6.6
Shields        | 4 6 |  6.6
Maces & Flails | 5 |  5.9

Action                   |  1- 3 |  4- 6 |  7- 9 | 10-12 | 13-15 || total
-------------------------+-------+-------+-------+-------+-------++-------
Melee: War axe           |    80 |   109 |   437 |   950 |    46 ||  1622
       Kick              |    15 |    30 |   121 |    86 |       ||   252
Evoke: Wand              |       |     3 |     2 |     9 |       ||    14
  Use: Scroll            |     7 |     1 |    13 |     6 |     1 ||    28
       Potion            |       |     1 |     4 |     7 |     2 ||    14
 Stab: Sleeping          |       |       |     2 |       |       ||     2
       Distracted        |       |       |       |     1 |       ||     1
Armor: Scale mail        |    41 |    54 |    14 |       |       ||   109
       Chain mail        |       |       |   113 |       |       ||   113
       Steam dragon scal |       |       |    66 |       |       ||    66
       Troll leather arm |       |       |    16 |   283 |    10 ||   309
Dodge: Dodged            |    26 |    38 |   222 |   502 |    38 ||   826
Block: Kite shield       |    47 |    49 |   256 |   554 |    31 ||   937

Table legend: (Time is in decaauts)
 A = Elapsed time spent in this place.
 B = Non-inter-level travel time spent in this place.
 C = Inter-level travel time spent in this place.
 D = Time resting spent in this place.
 E = Time spent auto-exploring this place.
 F = Levels seen in this place.
 G = Mean time per level.
                   A        B        C        D        E       F      G
               +--------+--------+--------+--------+--------+-----+--------+
         Total |  15443 |  14931 |    512 |   2946 |   8889 |  14 | 1103.1 |
       Dungeon |  15443 |  14931 |    512 |   2946 |   8889 |  14 | 1103.1 |
               +--------+--------+--------+--------+--------+-----+--------+

Top non-repeatable levels by time:
     D:9: 1569 daAuts
    D:12: 1543 daAuts
     D:6: 1541 daAuts
    D:11: 1448 daAuts
     D:8: 1399 daAuts
     D:5: 1374 daAuts
     D:7: 1212 daAuts
    D:10: 1002 daAuts
     D:3: 919 daAuts
     D:2: 900 daAuts
    D:13: 849 daAuts
     D:4: 838 daAuts
     D:1: 622 daAuts
    D:14: 220 daAuts
